 Dungeon Crawl Stone Soup version 0.30.1-9-gdf580d7c3d (webtiles) character file.

Game seed: 3757414955518240295

105 KittyFluff the Trooper (level 4, -3/43 HPs)
             Began as a Gargoyle Berserker on Oct 10, 2023.
             Was a Believer of Trog.
             Slain by an orc
             ... wielding a +0 hand axe
              (6 damage)
             ... on level 3 of the Dungeon.
             The game lasted 00:06:20 (1390 turns).

KittyFluff the Trooper (Gargoyle Berserker)         Turns: 1390, Time: 00:06:20

Health: -3/43      AC:  9    Str: 23    XL:     4   Next: 83%
Magic:  4/4        EV: 11    Int:  7    God:    Trog [**....]
Gold:   117        SH:  3    Dex:  9    Spells: 3/3 levels left

rFire   + . .        a - +0 mace
rCold   . . .        e - +0 buckler
rNeg    + . .        o - +2 leather armour {rF+}
rPois   ∞            (no helmet)
rElec   +            (no cloak)
rCorr   .            (no gloves)
SInv    .            (no boots)
Will    .....        d - amulet of the acrobat Stlth
                     (no ring)
HPRegen 0.27/turn    (no ring)
MPRegen 0.09/turn

%: acrobat
@: berserking, very quick
A: sickness immunity, AC +3, negative energy resistance 1, electricity
resistance, torment resistance 1, petrification resistance
a: Renounce Religion, Berserk, Trog's Hand


You were on level 3 of the Dungeon.
You worshipped Trog.
Trog was pleased with you.
You visited 1 branch of the dungeon, and saw 3 of its levels.

You collected 117 gold pieces.

Inventory:

Hand Weapons
 a - a +0 mace (weapon)
 q - a +0 sling
Armour
 e - a +0 buckler (worn)
 o - a +2 leather armour of fire resistance (worn)
Jewellery
 d - an amulet of the acrobat (around neck)
Scrolls
 b - 2 scrolls of noise {unknown}
 f - a scroll of teleportation {unknown}
 g - 3 scrolls of identify {unknown}
 k - a scroll of poison {unknown}
 l - a scroll of fear {unknown}
 m - a scroll of enchant armour {unknown}
 n - a scroll of torment {unknown}
 p - 2 scrolls of enchant weapon {unknown}
Potions
 c - a potion of invisibility {unknown}
 h - a potion of cancellation {unknown}
 i - a potion of heal wounds {unknown}
 j - a potion of ambrosia {unknown}


   Skills:
 + Level 3.8 Fighting
 * Level 3.8 Maces & Flails
 * Level 3.5 Armour
 + Level 2.0 Dodging
 + Level 0.8 Shields


You had 3 spell levels left.
You didn't know any spells.
Your spell library was empty.

Dungeon Overview and Level Annotations

Branches:
Dungeon (3/15)

Altars:


Innate Abilities, Weirdness & Mutations

You are immune to sickness and miasma.
Your stone body is resilient. (AC +3)
You are immune to poison.
You resist negative energy. (rN+)
You are resistant to electric shocks. (rElec)
You are resistant to unholy torment.
You are immune to petrification.


Message History

The ball python constricts you. The orc closely misses you. Something hits you.
* * * LOW HITPOINT WARNING * * *
The orc hits you but does no damage.
You escape the ball python's grasp.
The orc attacks as you move away! The orc closely misses you.
Something misses you. The orc completely misses you.
There is a stone staircase leading down here.
You see here a dart slug corpse.
The orc attacks as you move away! The orc hits you but does no damage.
You miss something.
You feel less confused. The ball python bites you.
* * * LOW HITPOINT WARNING * * *
The ball python grabs you. The ball python constricts you.
The orc hits you but does no damage. Something hits you but does no damage.
You escape the ball python's grasp.
The ball python attacks as you move away!
The ball python completely misses you. Something misses you.
The ball python attacks as you move away!
The ball python closely misses you.
There is a stone staircase leading up here.
The ball python bites you but does no damage.
The ball python grabs you.
You stop ascending the stairs.
The ball python constricts you. The ball python barely misses you.
The ball python constricts you.
Unknown command.
A red film seems to cover your vision as you go berserk!
You feel yourself moving faster!
You feel mighty!
The ball python bites you but does no damage.
The ball python constricts you.
* * * LOW HITPOINT WARNING * * *
You sock the ball python!
You kill the ball python!
Trog accepts your kill.
You closely miss the orc. The orc hits you but does no damage.
You hit the orc.
The orc is almost dead.
Something hits you but does no damage. The orc hits you with a +0 hand axe.
You die...

#. #######+.## ###
..#.......######...
###.....##......#.#
.........#....(...#
#.......#.$....#
#.[.....#......#
##>.....#...>).#..
#......@oo........#
#...(...#...........
#..............#.....
#................##..
#......^........## .
#...............#
#........(......#
#...............#
#...........!.


You could see 2 orcs.

Vanquished Creatures
  4 adders (D:2)
  2 worms (D:2)
  4 dart slugs
  An orc (D:3)
  5 endoplasms
  2 giant cockroaches
  5 goblins
  7 hobgoblins
  5 quokkas
  7 ball pythons
  A bat (D:2)
  2 frilled lizards
  4 kobolds
49 creatures vanquished.

Notes
Turn   | Place    | Note
-------+----------+-------------------------------------------
     0 | D:1      | KittyFluff the Gargoyle Berserker began the quest for the
                  | Orb.
     0 | D:1      | Reached XP level 1. HP: 14/14 MP: 1/1
   264 | D:1      | Reached XP level 2. HP: 17/19 MP: 2/2
   377 | D:1      | Found a faded altar of an unknown god.
   629 | D:1      | Reached XP level 3. HP: 22/23 MP: 3/3
   810 | D:2      | Reached ** piety under Trog
   931 | D:2      | Reached XP level 4. HP: 19/29 MP: 4/4
  1378 | D:3      | HP: 1/29 [something (3)]
  1390 | D:3      | Slain by an orc

Illustrated notes

Levels and vault maps discovered:
D:1:      shiori_arrival_oz, layout_basic, shapermc_ecumenical_altar_mp_vishouse
D:2:      layout_rooms
D:3:      layout_rooms, nicolae_ru_great_annihilating_truth,
          uniq_crazy_yiuf_cottage

Skill      XL: |  1  2  3  4 |
---------------+-------------+-----
Armour         | 3 |  3.5
Dodging        | 2 |  2.0
Fighting       | |  3.8
Maces & Flails | |  3.8
Shields        | |  0.8

Action                     |  1- 3 |  4- 6 || total
---------------------------+-------+-------++-------
  Melee: Mace              |   105 |    65 ||   170
 Invoke: Berserk           |       |     1 ||     1
 Armour: Animal skin       |    10 |       ||    10
         Leather armour    |    28 |    38 ||    66
  Dodge: Dodged            |    73 |    42 ||   115
  Block: Buckler           |    10 |     4 ||    14
